[Event "*** SCC Grand Prix: Titled Tuesday Blitz"]
[Site "Chess.com"]
[Date "2020.06.09"]
[Round "4"]
[White "chessfrendz"]
[Black "m_ezat"]
[Result "0-1"]
[WhiteElo "2320"]
[BlackElo "2473"]
[TimeControl "180+1"]
[EndTime "9:37:58 PDT"]
[Termination "m_ezat won on time"]

1. d4 Nf6 2. Nf3 g6 3. c4 Bg7 4.
Nc3 O-O 5. e4 d6 6. Be2 e5 7.
O-O Nc6 8. d5 Ne7 9. Ne1 Nd7 10.
Be3 f5 11. f3 f4 12. Bf2 g5 13.
a4 a5 14. Rc1 b6 15. g4 fxg3 16. hxg3 h5 17. Ng2 Nf6 18. Be3 Bh6 19. Qd2 Nh7 20. Nd1 Ng6 21. Nf2 Bg7 22. f4 gxf4 23. gxf4 exf4 24.
Nxf4 Nxf4 0-1

[Event "*** SCC Grand Prix: Titled Tuesday Blitz"]
[Site "Chess.com"]
[Date "2020.06.09"]
[Round "4"]
[White "Makswolf200817"]
[Black "DonPreuss"]
[Result "1-0"]
[WhiteElo "2426"]
[BlackElo "2211"]
[TimeControl "180+1"]
[EndTime "9:37:58 PDT"]
[Termination "Makswolf200817 won by resignation"]

1. Nf3 Nc6 2. d4 d6 3. g3 g6 4. Bg2 Bg7 5. c4 e5 6. e3 Nge7 7. O-O e4 8. Nfd2 f5 9. f3 exf3 10.
Nxf3 O-O 11. Nc3 h6 12. a3 g5 13. b4 Ng6 14. b5 Nce7 15. Bb2 f4 16. exf4 gxf4 17.
Qe1 Nf5 18. Ne2 Ne3 19. Nxf4 Nxg2 20. Nxg2 Bh3 21. Qe4 Qf6 22. Nfh4 Nxh4 23. Rxf6 Nxg2 24. Rxf8+ Rxf8 25. Rf1 Rxf1+ 26. Kxf1 Nf4+ 27. Kg1 Nh5 28. Qe8+ 1-0

[Event "*** SCC Grand Prix: Titled Tuesday Blitz"]
[Site "Chess.com"]
[Date "2020.06.09"]
[Round "4"]
[White "aNaartjieZA"]
[Black "ElviraBerend"]
[Result "1/2-1/2"]
[WhiteElo "2581"]
[BlackElo "2389"]
[TimeControl "180+1"]
[EndTime "9:37:59 PDT"]
[Termination "Game drawn by repetition"]

1. e4 e5 2. Nf3 Nc6 3. Bc4 Bc5 4.
O-O Nf6 5. d3 d6 6. c3 a6 7. Bb3 Ba7 8. Nbd2 O-O 9. h3 h6 10.
Re1 Be6 11. Nf1 b5 12. Ng3 Re8 13. Nh4 Ng4 14. hxg4 Qxh4 15. Be3 Bxg4 16. Qd2 Bxe3 17. Qxe3 Bd7 18. Bd5 Rab8 19. Bxc6 Bxc6 20. Qa7 Bb7 21. Re3 g6 22. Nf1 Qe7 23. Rh3 Kg7 24. Qe3 Rh8 25. Re1 Bc8 26. Rh2 Be6 27. a3 Qg5 28.
Qa7 c6 29. Qxa6 Rhc8 30. Re3 Ra8 31. Qb6 Rab8 32. Qa7 Ra8 33. Qb6 Rab8 34. Qa7 Ra8 35. Qb6 1/2-1/2

[Event "*** SCC Grand Prix: Titled Tuesday Blitz"]
[Site "Chess.com"]
[Date "2020.06.09"]
[Round "4"]
[White "Kilpkonn"]
[Black "MathiasWomacka"]
[Result "0-1"]
[WhiteElo "2025"]
[BlackElo "2399"]
[TimeControl "180+1"]
[EndTime "9:38:00 PDT"]
[Termination "MathiasWomacka won by resignation"]

1. e4 c5 2. Nf3 d6 3. Nc3 Nf6 4. d4 cxd4 5. Nxd4 a6 6. g3 e5 7. Nde2 Nbd7 8. Bg2 b5 9. a3 Be7 10.
O-O Bb7 11. h3 Nc5 12. f4 Ncxe4 13. Nxe4 Nxe4 14. fxe5 dxe5 15. Qe1 O-O 16. Be3 Qc7 17. c3 Rad8 18. a4 Bc5 19. Bxc5 Nxc5 20. axb5 Nd3 21. Qd2 Bxg2 22. Kxg2 Nf4+ 0-1

[Event "*** SCC Grand Prix: Titled Tuesday Blitz"]
[Site "Chess.com"]
[Date "2020.06.09"]
[Round "4"]
[White "julinha97"]
[Black "diablanni"]
[Result "0-1"]
[WhiteElo "2140"]
[BlackElo "2337"]
[TimeControl "180+1"]
[EndTime "9:38:00 PDT"]
[Termination "diablanni won by resignation"]

1. e4 c5 2. Nf3 Nc6 3. d4 cxd4 4. Nxd4 g6 5. c4 Nf6 6. Nc3 d6 7. Be2 Nxd4 8. Qxd4 Bg7 9. Bg5 O-O 10. Qd2 a5 11.
O-O a4 12. a3 Be6 13. Rac1 Qb6 14. Bxf6 Bxf6 15. Nd5 Bxd5 16. exd5 Qxb2 17. Qxb2 Bxb2 18.
Rb1 Bxa3 19. Rxb7 Rfe8 20. c5 Bxc5 21. Bb5 Rec8 22. Rxe7 Rcb8 23. Bc6 Ra6 24. Re2 a3 25. Ra2 Rb2 26. Rfa1 Rab6 27. g3 Rxa2 28. Rxa2 Rb2 29. Ra1 Rxf2 30. Kh1 a2 0-1

[Event "*** SCC Grand Prix: Titled Tuesday Blitz"]
[Site "Chess.com"]
[Date "2020.06.09"]
[Round "4"]
[White "Susal_De_Silva"]
[Black "MoonlighT89"]
[Result "0-1"]
[WhiteElo "2371"]
[BlackElo "2566"]
[TimeControl "180+1"]
[EndTime "9:38:04 PDT"]
[Termination "MoonlighT89 won by resignation"]

1. e4 c5 2. Nf3 e6 3. d4 cxd4 4.
Nxd4 Nc6 5. Be2 Nf6 6. Nc3 Qc7 7. O-O Be7 8. Be3 O-O 9. Ndb5 Qb8 10. a4 b6 11. f4 d6 12. Bf3 Bb7 13. Qd2 a6 14. Na3 Qc7 15. Nc4 Nd7 16. Rfd1 Rac8 17. Nxd6 Bxd6 18. Qxd6 Nc5 19. b4 Nxb4 20. Qxc7 Rxc7 21. a5 b5 22. Rac1 Rfc8 23. e5 Bxf3 24. gxf3 h5 25.
Ne2 Nd5 26. Bd2 Na4 27. Nd4 Rc4 28. Nb3 Rxc2 0-1

[Event "*** SCC Grand Prix: Titled Tuesday Blitz"]
[Site "Chess.com"]
[Date "2020.06.09"]
[Round "4"]
[White "LittlePeasant"]
[Black "CrushingKings"]
[Result "1-0"]
[WhiteElo "2816"]
[BlackElo "2519"]
[TimeControl "180+1"]
[EndTime "9:38:05 PDT"]
[Termination "LittlePeasant won on time"]

1. d4 g6 2. c4 Bg7 3. Nf3 d6 4. Nc3 c5 5. e3 Nc6 6. Be2 Bg4 7. O-O Nh6 8. h3 Bxf3 9. Bxf3 O-O 10. d5 Ne5 11. Be2 f5 12. f4 Nd7 13.
Qd3 a6 14. Bd2 Kh8 15. Rae1 b5 16. b3 bxc4 17. bxc4 Rb8 18. Kh2 Rb2 19. Bc1 Rb7 20. e4 fxe4 21. Nxe4 Nf5 22. Ng5 Qa5 23. Bg4 Nd4 24.
Rxe7 Qd8 25. Nf7+ Rxf7 26. Rxf7 Kg8 27. Be6 1-0

[Event "*** SCC Grand Prix: Titled Tuesday Blitz"]
[Site "Chess.com"]
[Date "2020.06.09"]
[Round "4"]
[White "DrKozerov"]
[Black "annakantane"]
[Result "1-0"]
[WhiteElo "2599"]
[BlackElo "2171"]
[TimeControl "180+1"]
[EndTime "9:38:05 PDT"]
[Termination "DrKozerov won by resignation"]

1. d4 Nf6 2. c4 c5 3. d5 e6 4. Nc3 exd5 5. cxd5 d6 6. e4 g6 7. Nge2 Bg7 8. Ng3 h5 9. Be2 h4 10. Nf1 h3 11. g3 O-O 12. Be3 Re8 13.
Nd2 Nbd7 14. O-O Ne5 15. f3 a6 16. a4 Rb8 17. Rb1 Bd7 18. b4 cxb4 19. Rxb4 Nh7 20. Qb3 Rc8 21. Bb6 Qf6 22. Bd4 Qe7 23. Rxb7 g5 24.
Bxa6 g4 25. f4 Nf3+ 26. Nxf3 gxf3 27. Bxg7 Kxg7 28. Bb5 Qf6 29. Nd1 Qd4+ 30. Nf2 Bxb5 31. axb5 Rxe4 32. Qxf3 Re3 33. Qg4+ Kf8 34. Qxc8+ Kg7 35.
Qg4+ 1-0

[Event "*** SCC Grand Prix: Titled Tuesday Blitz"]
[Site "Chess.com"]
[Date "2020.06.09"]
[Round "4"]
[White "Glek_Igor"]
[Black "The_Machine04"]
[Result "1-0"]
[WhiteElo "2448"]
[BlackElo "2289"]
[TimeControl "180+1"]
[EndTime "9:38:06 PDT"]
[Termination "Glek_Igor won by checkmate"]

1. e4 d6 2. d4 Nf6 3. Nc3 e5 4.
Nf3 Nbd7 5. Bc4 Be7 6. O-O c6 7. a4 Qc7 8. Re1 h6 9. Be3 Nf8 10.
Bb3 Ng6 11. h3 O-O 12. a5 Kh8 13. Qd2 Nh7 14. Ne2 Bd7 15. Ng3 Rad8 16. c3 Bf6 17.
Qc1 Qb8 18. Nh5 Bc8 19. Nxf6 Nxf6 20. Bxh6 gxh6 21. Qxh6+ Nh7 22. Ng5 Kg8 23. Qxh7# 1-0

[Event "*** SCC Grand Prix: Titled Tuesday Blitz"]
[Site "Chess.com"]
[Date "2020.06.09"]
[Round "4"]
[White "northridgehawk"]
[Black "Jungle_Jaguar"]
[Result "0-1"]
[WhiteElo "2355"]
[BlackElo "2612"]
[TimeControl "180+1"]
[EndTime "9:38:07 PDT"]
[Termination "Jungle_Jaguar won by resignation"]

1. e4 e5 2. Nf3 Nc6 3. Bb5 a6 4. Ba4 Nf6 5. d3 b5 6. Bb3 d6 7. Nc3 Be7 8. O-O Bg4 9. h3 Bxf3 10. Qxf3 Nd4 11. Qg3 Nxb3 12. axb3 O-O 13. f4 Nh5 14. Qg4 Nxf4 15. Bxf4 exf4 16. Rxf4 c6 17. Raf1 Qc8 18.
Qf3 Qe6 19. Ne2 Bf6 20. c3 c5 21. Ng3 Be5 22. Rg4 Bxg3 23. Qxg3 g6 24. Rgf4 Qxb3 25. Rf6 Qxb2 26. Qxd6 Qxc3 27. Rxf7 Rxf7 28. Rxf7 Qd4+ 29. Qxd4 cxd4 30. Rf2 a5 31. Ra2 a4 32. Kf1 a3 33.
Ke1 b4 34. Kd1 b3 35. Ra1 b2 0-1

[Event "*** SCC Grand Prix: Titled Tuesday Blitz"]
[Site "Chess.com"]
[Date "2020.06.09"]
[Round "4"]
[White "VitaliyBernadskiy"]
[Black "TigrVShlyape"]
[Result "0-1"]
[WhiteElo "2698"]
[BlackElo "2907"]
[TimeControl "180+1"]
[EndTime "9:38:08 PDT"]
[Termination "TigrVShlyape won by resignation"]

1. e4 e5 2. Nf3 Nc6 3. Bb5 a6 4. Ba4 Nf6 5. O-O Be7 6. Re1 b5 7. Bb3 d6 8. c3 O-O 9. h3 Nb8 10. d4 Nbd7 11. Nbd2 Bb7 12. Bc2 Re8 13. a4 Bf8 14. Bd3 c6 15. b3 g6 16. Ba3 Nh5 17. Bf1 Nf4 18. g3 Ne6 19. Qc2 Qb6 20. Qd3 Rad8 21.
Qe3 Bg7 22. Bb2 exd4 23. cxd4 d5 24. axb5 axb5 25. Qc3 c5 26. Qa5 dxe4 27. Nxe4 Nxd4 28. Nxd4 Bxe4 29. Qxb5 cxd4 30. f3 0-1

[Event "*** SCC Grand Prix: Titled Tuesday Blitz"]
[Site "Chess.com"]
[Date "2020.06.09"]
[Round "4"]
[White "Gerodot71"]
[Black "reniite"]
[Result "1-0"]
[WhiteElo "2392"]
[BlackElo "1823"]
[TimeControl "180+1"]
[EndTime "9:38:13 PDT"]
[Termination "Gerodot71 won on time"]

1. d4 Nf6 2. c4 e6 3. Nf3 b6 4. a3 Bb7 5. Nc3 d5 6. cxd5 Nxd5 7. Qc2 Be7 8. e4 Nxc3 9. bxc3 Nd7 10. Bd3 c5 11.
Bf4 O-O 12. Qe2 Rc8 13. O-O h6 14. Rad1 cxd4 15. cxd4 Nf6 16. Bc1 Re8 17. Bb1 Nh7 18. Rfe1 Nf8 19. Ne5 Rc3 20. Qh5 f6 21. Qf7+ Kh7 22.
Ng4 Rc7 23. Nxh6 Ng6 24. e5 f5 25. Nxf5 Bf6 26. Ne7 Qxe7 27. Qxg6+ Kg8 28. exf6 Qf8 29. Bg5 1-0

[Event "*** SCC Grand Prix: Titled Tuesday Blitz"]
[Site "Chess.com"]
[Date "2020.06.09"]
[Round "4"]
[White "gm_rashid"]
[Black "TST2014"]
[Result "0-1"]
[WhiteElo "2355"]
[BlackElo "2544"]
[TimeControl "180+1"]
[EndTime "9:38:15 PDT"]
[Termination "TST2014 won by resignation"]

1. e4 c5 2. d4 cxd4 3. Nf3 Nc6 4. Nxd4 Nf6 5. Nc3 d6 6. Bg5 e6 7. Qd2 a6 8. O-O-O Bd7 9. f4 h6 10. Bxf6 Qxf6 11. e5 dxe5 12. Ndb5 Qd8 13. Nd6+ Bxd6 14.
Qxd6 Qe7 15. Qc7 Bc8 16. Qb6 exf4 17. Ne4 O-O 18. Be2 e5 19. Nd6 Rd8 20. Nxc8 Raxc8 21. Bg4 Rxd1+ 22. Rxd1 Rd8 23. Re1 g6 24. Bf3 Rd6 25.
c4 Nb4 26. Qxb4 Rd1+ 27. Bxd1 Qxb4 28. Rxe5 Qxc4+ 29. Kb1 Qd3+ 30. Kc1 Qc4+ 31. Kb1 Qf1 32. Rd5 Qxg2 33. Rd8+ Kg7 34. a3 f3 0-1

[Event "*** SCC Grand Prix: Titled Tuesday Blitz"]
[Site "Chess.com"]
[Date "2020.06.09"]
[Round "4"]
[White "dey2580"]
[Black "Shivagami"]
[Result "1-0"]
[WhiteElo "2444"]
[BlackElo "2269"]
[TimeControl "180+1"]
[EndTime "9:38:15 PDT"]
[Termination "dey2580 won by resignation"]

1. d4 Nf6 2. Nf3 d5 3. c4 c6 4.
Nc3 dxc4 5. a4 Bf5 6. e3 e6 7. Bxc4 Bb4 8. O-O Nbd7 9. Qe2 Bg6 10. Rd1 O-O 11. Na2 Bd6 12. Ne5 Bh5 13. f3 Qc7 14.
Nxd7 Nxd7 15. g4 Bg6 16. Nc3 e5 17. d5 Nb6 18. dxc6 Qxc6 19. Bb5 Qc5 20. a5 Nc8 21. Bd2 f6 22. Rac1 Bb8 23. Nd5 Qc6 1-0

[Event "*** SCC Grand Prix: Titled Tuesday Blitz"]
[Site "Chess.com"]
[Date "2020.06.09"]
[Round "4"]
[White "PrinceMurad09"]
[Black "abhidabhi"]
[Result "0-1"]
[WhiteElo "2514"]
[BlackElo "2727"]
[TimeControl "180+1"]
[EndTime "9:38:17 PDT"]
[Termination "abhidabhi won by resignation"]

1. e4 e5 2. Nf3 Nc6 3. Bc4 Bc5 4. O-O Nf6 5. d3 d6 6. c3 a6 7. h3 h6 8. Be3 O-O 9. Nbd2 Re8 10. Re1 Bxe3 11.
Rxe3 d5 12. exd5 Nxd5 13. Bxd5 Qxd5 14. Qb3 Qxb3 15. axb3 Bf5 16. Ne4 b6 17. b4 a5 18.
bxa5 Nxa5 19. Ng3 Bh7 20. Nxe5 Nb3 21. Rxa8 Rxa8 22. Nc6 Kf8 23. d4 Na5 24. Nxa5 Rxa5 25. b4 Ra1+ 26. Nf1 Rd1 27. f4 Bd3 28. Rg3 Rxf1+ 0-1

[Event "*** SCC Grand Prix: Titled Tuesday Blitz"]
[Site "Chess.com"]
[Date "2020.06.09"]
[Round "4"]
[White "giantslayer83"]
[Black "RaunakSadhwani2005"]
[Result "1-0"]
[WhiteElo "2723"]
[BlackElo "2892"]
[TimeControl "180+1"]
[EndTime "9:38:23 PDT"]
[Termination "giantslayer83 won by resignation"]

1. d4 Nf6 2. c4 g6 3. Nc3 Bg7 4. g3 c5 5. Nf3 cxd4 6. Nxd4 O-O 7.
Bg2 Nc6 8. O-O Qa5 9. e3 d6 10.
h3 Bd7 11. Nde2 a6 12. Bd2 Qb6 13.
b3 Rac8 14. Rc1 h5 15. Nf4 Qd8 16. Ncd5 Nxd5 17. Nxd5 h4 18. g4 e6 19. Nf4 Qc7 20.
Bc3 Ne5 21. Bb4 Rfd8 22. Qxd6 Qxd6 23. Bxd6 Bc6 24. Bxe5 Bxe5 25. Rfd1 Re8 26. Bxc6 Rxc6 27. Rd7 b5 28. Nd3 Bf6 29. Nb4 Rcc8 30. Nxa6 bxc4 31. Rxc4 Rxc4 32. bxc4 Ra8 33. Nb4 Bc3 34. Nd3 Rxa2 35.
c5 Rc2 36. c6 Ba5 37. Ne5 Be1 38. c7 Bxf2+ 39. Kf1 Kg7 40. Rxf7+ Kh6 41. Rxf2 Rxc7 42. Rf6 1-0

[Event "*** SCC Grand Prix: Titled Tuesday Blitz"]
[Site "Chess.com"]
[Date "2020.06.09"]
[Round "4"]
[White "Funo09"]
[Black "Rodalquilar"]
[Result "1-0"]
[WhiteElo "2816"]
[BlackElo "2636"]
[TimeControl "180+1"]
[EndTime "9:38:23 PDT"]
[Termination "Funo09 won by checkmate"]

1. e4 d5 2. exd5 Qxd5 3. Nc3 Qa5 4. d4 Nf6 5. Bd2 Bf5 6. Bc4 Qb4 7. Bb3 Qxd4 8. Nf3 Qd8 9. Ne5 e6 10. Qf3 Nbd7 11. Nxf7 Kxf7 12. Qxf5 Nc5 13. Qf3 Nxb3 14. axb3 c6 15. g4 Kg8 16. O-O-O Nd5 17. Rhe1 Qf6 18. Qxf6 Nxf6 19. g5 Ng4 20. Rxe6 Nxh2 21. Bf4 Nf3 22. Rd7 Bc5 23. Ne4 Bd4 24. c3 Rf8 25. cxd4 Rxf4 26. Nf6+ gxf6 27. Re8# 1-0

[Event "*** SCC Grand Prix: Titled Tuesday Blitz"]
[Site "Chess.com"]
[Date "2020.06.09"]
[Round "4"]
[White "Vuk2000"]
[Black "Julianos82"]
[Result "1-0"]
[WhiteElo "2616"]
[BlackElo "2386"]
[TimeControl "180+1"]
[EndTime "9:38:24 PDT"]
[Termination "Vuk2000 won by resignation"]

1. d4 d5 2. Bf4 c5 3. e3 Nc6 4. c3 g6 5. Nd2 Bg7 6. Ngf3 Nh6 7. Bb5 O-O 8. Bxc6 bxc6 9. dxc5 Ba6 10. Nd4 e5 11.
Bxh6 Bxh6 12. Nxc6 Qh4 13. Nf3 Qc4 14. Nfxe5 Qxc5 15. Nb4 Bb5 16. Qxd5 Bxe3 17. Qxc5 Bxc5 18. Ned3 Rfe8+ 19. Kd2 Rad8 20. a4 Bc4 21. b3 Bxb3 22. Rhe1 Rxe1 23. Rxe1 Bc4 24. Kc2 Bxb4 25. Nxb4 Be6 26.
Nc6 Rc8 27. Ne7+ 1-0

[Event "*** SCC Grand Prix: Titled Tuesday Blitz"]
[Site "Chess.com"]
[Date "2020.06.09"]
[Round "4"]
[White "ChelsieMonica"]
[Black "babyking1205"]
[Result "0-1"]
[WhiteElo "2367"]
[BlackElo "2557"]
[TimeControl "180+1"]
[EndTime "9:38:24 PDT"]
[Termination "babyking1205 won by resignation"]

1. c4 e5 2. Nc3 Nf6 3. Nf3 Nc6 4. d4 exd4 5. Nxd4 Bb4 6. e3 Bxc3+ 7. bxc3 O-O 8. Bd3 Ne5 9. Be2 c6 10. O-O Re8 11.
f4 Ng6 12. f5 Ne5 13. g4 Ne4 14. Qe1 d5 15. cxd5 cxd5 16. Bb2 h5 17. f6 Nxf6 18.
g5 Nfg4 19. Qh4 Nxe3 20. Rf2 g6 21. h3 N5c4 22. Bc1 Re4 23. Rf4 Re5 24. Nf3 Re8 25.
Qg3 Nf5 26. Rxf5 Bxf5 27. Bxc4 dxc4 28. Bf4 Qd3 29. Rf1 Rad8 30. Qf2 Re2 31. Qc5 Bxh3 32. Be5 Rg2+ 33. Kh1 Qxf1+ 0-1

[Event "*** SCC Grand Prix: Titled Tuesday Blitz"]
[Site "Chess.com"]
[Date "2020.06.09"]
[Round "4"]
[White "GMCarbone"]
[Black "pawnwonder"]
[Result "1-0"]
[WhiteElo "2372"]
[BlackElo "2178"]
[TimeControl "180+1"]
[EndTime "9:38:26 PDT"]
[Termination "GMCarbone won on time"]

1. d4 Nf6 2. c4 g6 3. g3 Bg7 4.
Bg2 O-O 5. Nc3 d6 6. Nf3 Nc6 7.
O-O e5 8. dxe5 dxe5 9. Bg5 Be6 10. Qc1 Bxc4 11. Nd2 Be6 12. Nde4 Qe7 13. f4 exf4 14.
Rxf4 Bf5 15. Nd5 Qe5 16. Ndxf6+ Kh8 17. g4 Bxe4 18. Rxe4 Qb5 19. h4 Rad8 20. Qc3 Qb6+ 21. Kh1 Nb8 22. Rf1 Na6 23. h5 Nc5 24. Re7 Ne6 25. Be3 Qa6 26. Qe5 Qxe2 27. hxg6 hxg6 28. Qh2+ 1-0

[Event "*** SCC Grand Prix: Titled Tuesday Blitz"]
[Site "Chess.com"]
[Date "2020.06.09"]
[Round "4"]
[White "Duhless"]
[Black "1stSecond"]
[Result "1-0"]
[WhiteElo "3057"]
[BlackElo "2792"]
[TimeControl "180+1"]
[EndTime "9:38:29 PDT"]
[Termination "Duhless won by resignation"]

1. d4 Nf6 2. Nf3 e6 3. Bg5 c5 4.
d5 h6 5. Bxf6 Qxf6 6. Nc3 d6 7. e4 e5 8. Bb5+ Bd7 9. a4 Qd8 10.
O-O Be7 11. Nd2 O-O 12. Bxd7 Nxd7 13. a5 g6 14. Nc4 Kg7 15. Qe2 Nf6 16. g3 Qd7 17. f4 exf4 18. gxf4 Rae8 19. Rad1 Nh5 20. e5 dxe5 21. fxe5 Bg5 22. Qf3 Bf4 23. Rde1 Qf5 24. Kh1 Qxc2 25. Re2 Qf5 26. Nd6 Qg5 27. Nxe8+ Rxe8 28. e6 f5 29. Rg2 Qh4 30. Ne2 g5 31. Nxf4 1-0

[Event "*** SCC Grand Prix: Titled Tuesday Blitz"]
[Site "Chess.com"]
[Date "2020.06.09"]
[Round "4"]
[White "Caracternin123"]
[Black "MikaelyanArman"]
[Result "1-0"]
[WhiteElo "2562"]
[BlackElo "2750"]
[TimeControl "180+1"]
[EndTime "9:38:29 PDT"]
[Termination "Caracternin123 won on time"]

1. d4 Nf6 2. Nf3 g6 3. g3 Bg7 4. Bg2 O-O 5. O-O d6 6. c4 Nbd7 7. Nc3 e5 8. e4 exd4 9. Nxd4 Re8 10.
b3 Nc5 11. Re1 Bg4 12. f3 Nfxe4 13. Nxe4 Nxe4 14. Bb2 Qf6 15. Qc2 c5 16. fxg4 Ng5 17. h4 Ne6 18. Nxe6 Qxb2 19. Qxb2 Bxb2 20. Nc7 Rxe1+ 21. Rxe1 Rc8 22. Nd5 Kf8 23. Re7 Rb8 24. Rd7 Be5 25. Kf2 a6 26. h5 g5 27. Be4 h6 28. Nb6 1-0

[Event "*** SCC Grand Prix: Titled Tuesday Blitz"]
[Site "Chess.com"]
[Date "2020.06.09"]
[Round "4"]
[White "j2806"]
[Black "VladimirBugayev"]
[Result "0-1"]
[WhiteElo "2022"]
[BlackElo "2265"]
[TimeControl "180+1"]
[EndTime "9:38:29 PDT"]
[Termination "VladimirBugayev won by resignation"]

1. e4 c6 2. d4 d5 3. exd5 cxd5 4. Bd3 Nf6 5. h3 g6 6. c3 Bg7 7. Nf3 Bf5 8. O-O Bxd3 9. Qxd3 O-O 10. Re1 Nc6 11.
Ne5 Nxe5 12. dxe5 Ne4 13. Nd2 Nc5 14. Qe3 Ne6 15. Nf3 b5 16. Nd4 Nxd4 17. cxd4 e6 18. Bd2 Qb6 19. Bb4 Rfc8 20. Rac1 Rc4 21. Bc5 Qa6 22.
a3 Bf8 23. Bxf8 Rxf8 24. Rxc4 bxc4 25. h4 h5 26. g3 Rb8 27. Qc3 Rb3 28. Qc2 Qb6 29.
Rd1 Rxb2 30. Qa4 Rb5 31. Qc2 Rb3 32. Qc1 Qb5 33. Qa1 c3 34. a4 Qc4 35. a5 a6 36. Qc1 c2 37. Re1 Rb1 38. Qd2 Rxe1+ 39.
Qxe1 c1=Q 40. Qxc1 Qxc1+ 0-1

[Event "*** SCC Grand Prix: Titled Tuesday Blitz"]
[Site "Chess.com"]
[Date "2020.06.09"]
[Round "4"]
[White "Alexander_Moskalenko"]
[Black "UCantHandleDenker"]
[Result "1-0"]
[WhiteElo "2818"]
[BlackElo "2524"]
[TimeControl "180+1"]
[EndTime "9:38:30 PDT"]
[Termination "Alexander_Moskalenko won by resignation"]

1. e4 d6 2. d4 Nf6 3. Nc3 g6 4. Be3 Bg7 5. Qd2 c6 6. f3 b5 7. g4 h5 8. g5 Nfd7 9. f4 Bb7 10.
Bg2 b4 11. Nd1 c5 12. Ne2 O-O 13. Nf2 Qc7 14. h4 a5 15. O-O a4 16. Rae1 Nc6 17. d5 Na5 18. b3 Ba6 19. Nd3 Qb7 20. e5 c4 21. Nxb4 axb3 22. Nxa6 Rxa6 23. axb3 cxb3 24. cxb3 Nxb3 25. Qd3 Nbc5 26. Qc2 Qb3 27. Qxb3 Nxb3 28. e6 fxe6 29. dxe6 Ndc5 30. f5 Rxf5 31. Rxf5 gxf5 32. Nf4 Be5 33. Bf1 Bxf4 34. Bxa6 Bg3 35. Rb1 Bxh4 36. Kg2 Ne4 37. Rxb3 1-0

[Event "*** SCC Grand Prix: Titled Tuesday Blitz"]
[Site "Chess.com"]
[Date "2020.06.09"]
[Round "4"]
[White "ENEASZ"]
[Black "NidjatMamedov"]
[Result "0-1"]
[WhiteElo "2474"]
[BlackElo "2681"]
[TimeControl "180+1"]
[EndTime "9:38:34 PDT"]
[Termination "NidjatMamedov won by checkmate"]

1. e4 e5 2. Nf3 Nf6 3. Nxe5 d6 4. Nf3 Nxe4 5. d4 d5 6. Bd3 Be7 7. O-O Nc6 8. Re1 Bg4 9. c3 f5 10. Nbd2 O-O 11. Qb3 Kh8 12. Qxb7 Rf6 13. Qb3 Rg6 14.
Bf1 Bd6 15. g3 f4 16. Qxd5 Nxf2 17. Kxf2 fxg3+ 18. Kg1 gxh2+ 19. Kh1 Rb8 20. Bg2 Ne7 21. Qe4 Nf5 22. Nf1 h6 23. Ne5 Bxe5 24. Qxe5 Qh4 25. b4 Bf3 26. Re2 Bxg2+ 27. Rxg2 Rxg2 28. Kxg2 h1=Q# 0-1

[Event "*** SCC Grand Prix: Titled Tuesday Blitz"]
[Site "Chess.com"]
[Date "2020.06.09"]
[Round "4"]
[White "davidkalashian"]
[Black "JulAnt"]
[Result "1-0"]
[WhiteElo "2598"]
[BlackElo "2374"]
[TimeControl "180+1"]
[EndTime "9:38:35 PDT"]
[Termination "davidkalashian won by resignation"]

1. e4 c5 2. Nc3 e6 3. Nf3 d6 4. d4 cxd4 5. Nxd4 Nf6 6. h3 h6 7. g4 g5 8. Bg2 Nbd7 9. O-O Ne5 10. f4 gxf4 11. Bxf4 a6 12. Kh1 Nfd7 13. Nce2 b5 14. Ng3 Bb7 15. Nh5 Qc7 16. a4 b4 17. a5 Nc4 18. b3 Nxa5 19. Qd2 Nc6 20. Nxc6 Qxc6 21.
Qxb4 Ne5 22. Rad1 Be7 23. Ng7+ Kf8 24. Nxe6+ Kg8 25. Bxe5 fxe6 26. Bxh8 Kxh8 27. Rf7 Re8 28. c4 Ba8 29. Qe1 Bg5 30. Qf2 Qc8 31. Rf1 Kg8 32. Qa7 1-0

[Event "*** SCC Grand Prix: Titled Tuesday Blitz"]
[Site "Chess.com"]
[Date "2020.06.09"]
[Round "4"]
[White "IMHansNiemann"]
[Black "Kildepiotr"]
[Result "0-1"]
[WhiteElo "2910"]
[BlackElo "2609"]
[TimeControl "180+1"]
[EndTime "9:38:37 PDT"]
[Termination "Kildepiotr won by resignation"]

1. d4 c5 2. d5 e5 3. Nc3 d6 4. Nf3 Be7 5. e4 Bg4 6. g3 a6 7. a4 Bxf3 8. Qxf3 Bg5 9. h4 Bxc1 10. Rxc1 Ne7 11. h5 h6 12. Bh3 O-O 13. O-O Nd7 14. Nd1 f5 15. exf5 Nf6 16. Ne3 Qe8 17. a5 Qxh5 18. Qxh5 Nxh5 19. b4 cxb4 20. Rb1 Nf6 21. Rxb4 Nexd5 22. Nxd5 Nxd5 23. Rxb7 Nc3 24. Re1 Rf7 25.
Rb3 Nb5 26. c4 Nd4 27. Rd3 Rc7 28. Bg2 Rb8 29. Bd5+ Kf8 30. f4 Rb3 31. Rxb3 Nxb3 32. fxe5 dxe5 33. Rxe5 Nxa5 34. Re1 Nb3 35. Rb1 Nc5 36.
Rb6 Ra7 37. Rc6 Nd3 38. c5 a5 39. Bc4 Ne5 40. Rc8+ Ke7 41. Bb5 a4 42. Re8+ Kf6 43.
Rxe5 Kxe5 0-1

[Event "*** SCC Grand Prix: Titled Tuesday Blitz"]
[Site "Chess.com"]
[Date "2020.06.09"]
[Round "4"]
[White "Jospem"]
[Black "AlexOstrovskiy"]
[Result "1-0"]
[WhiteElo "2861"]
[BlackElo "2582"]
[TimeControl "180+1"]
[EndTime "9:38:37 PDT"]
[Termination "Jospem won on time"]

1. c4 e5 2. Nc3 Nc6 3. Nf3 Nf6 4. a3 g6 5. e3 Bg7 6. Qc2 O-O 7. Be2 a5 8. O-O Re8 9. d3 d6 10. Rb1 h6 11. b4 axb4 12. axb4 Bf5 13. b5 Nb8 14. Nd2 Nbd7 15. Nd5 Nxd5 16. cxd5 Nc5 17. e4 Bd7 18. Nc4 b6 19. f4 exf4 20. Bxf4 f5 21. Bf3 fxe4 22. Bxe4 Nxe4 23. dxe4 Qe7 24. Rfe1 Rf8 25. Bg3 h5 26. Bf2 1-0

[Event "*** SCC Grand Prix: Titled Tuesday Blitz"]
[Site "Chess.com"]
[Date "2020.06.09"]
[Round "4"]
[White "Jadeit90"]
[Black "profofchess"]
[Result "1-0"]
[WhiteElo "2312"]
[BlackElo "2440"]
[TimeControl "180+1"]
[EndTime "9:38:41 PDT"]
[Termination "Jadeit90 won by checkmate"]

1. g3 c5 2. Bg2 Nc6 3. c4 g6 4. Nf3 Bg7 5. O-O Nh6 6. Nc3 Nf5 7. Rb1 h5 8. a3 h4 9. b4 d6 10.
b5 Ncd4 11. Nxd4 Nxd4 12. e3 Ne6 13. Bb2 Ng5 14. Nd5 Bxb2 15. Rxb2 Nh3+ 16. Kh1 e6 17. Nf4 Nxf4 18. gxf4 h3 19. Bf3 Qf6 20. Rb3 e5 21. fxe5 dxe5 22. Bd5 Kf8 23. Qf3 Qe7 24. Rbb1 Be6 25.
Bxb7 Rd8 26. Bd5 Bxd5 27. cxd5 e4 28. Qg3 Rxd5 29. a4 Rg5 30. Qf4 Rf5 31. Qg3 Rf3 32. Qg4 Rh4 33. Qc8+ Kg7 34. b6 axb6 35. Rxb6 Qg5 36.
Rg1 Qh5 37. Rb8 Rxf2 38. Qf8+ Kf6 39. Rb6+ Ke5 40. Qxc5# 1-0

[Event "*** SCC Grand Prix: Titled Tuesday Blitz"]
[Site "Chess.com"]
[Date "2020.06.09"]
[Round "4"]
[White "juniortay"]
[Black "QuintilianoR"]
[Result "0-1"]
[WhiteElo "2423"]
[BlackElo "2638"]
[TimeControl "180+1"]
[EndTime "9:38:42 PDT"]
[Termination "QuintilianoR won by resignation"]

1. e4 c5 2. Nf3 d6 3. d4 cxd4 4. Nxd4 Nf6 5. Nc3 a6 6. f4 e5 7. Nf3 Nbd7 8. Bd3 Be7 9. O-O O-O 10. Kh1 b5 11. a3 Bb7 12. Qe1 exf4 13. Bxf4 Re8 14.
Bg5 Nh5 15. Bd2 Nc5 16. Nd4 Bf6 17. Qf2 Nxe4 18. Nxe4 Bxe4 19. Nf5 Bxd3 20. cxd3 Bxb2 21. Rae1 Nf6 22. Bb4 a5 23. Bxd6 Rxe1 24. Rxe1 Bc3 25. Rf1 b4 26. axb4 axb4 27. Qg3 g6 28. Nh6+ Kg7 29.
Nf5+ Kh8 30. Be7 Qd7 31. Qg5 Qxf5 32. Qxf5 gxf5 33. h3 Nd5 34. Bd6 Ra1 35. Kh2 Rxf1 0-1